 Dungeon Crawl Stone Soup version 0.21.1-1-g345015f (webtiles) character file.

177 shakethe the Chopper (level 5, -6/41 HPs)
             Began as a Demonspawn Gladiator on Feb 25, 2018.
             Mangled by Autsider's ghost (10 damage)
             ... on level 3 of the Dungeon.
             The game lasted 00:03:34 (2319 turns).

shakethe the Chopper (Demonspawn Gladiator)         Turns: 2319, Time: 00:03:36

Health: -6/41      AC:  4    Str: 14    XL:     5   Next: 30%
Magic:  5/5        EV: 13    Int: 11    God:
Gold:   97         SH:  0    Dex: 14    Spells: 4/4 levels left

rFire    . . .     SeeInvis .   a - +0 war axe
rCold    . . .     Gourm    .   (no shield)
rNeg     . . .     Faith    +   b - +0 leather armour
rPois    +         Spirit   .   c - +0 helmet
rElec    .         Reflect  .   (no cloak)
rCorr    +         Harm     .   (no gloves)
MR       .....                  (no boots)
Stlth    +.........             m - amulet of faith {Faith, !P}
HPRegen  0.13/turn              l - ring of resist corrosion
MPRegen  0.09/turn              k - ring of poison resistance {rPois, !d}

@: no status effects
A: talons 1, spiny 1
a: no special abilities


You were on level 3 of the Dungeon.
You were not hungry.

You visited 1 branch of the dungeon, and saw 3 of its levels.

You collected 97 gold pieces.

Inventory:

Hand Weapons
 a - a +0 war axe (weapon)
Missiles
 d - 2 throwing nets (quivered) {=f, !d}
Armour
 b - a +0 leather armour (worn)
 c - a +0 helmet (worn)
Jewellery
 k - a ring of poison resistance (right hand) {rPois, !d}
   (You found it on level 1 of the Dungeon)
 l - a ring of resist corrosion (left hand)
   (You found it on level 1 of the Dungeon)
 m - an amulet of faith (around neck) {Faith, !P}
   (You found it on level 1 of the Dungeon)
Wands
 s - a wand of polymorph (6)
   (You found it on level 2 of the Dungeon)
Scrolls
 e - 3 scrolls of remove curse {unknown}
 g - 2 scrolls of enchant armour {unknown}
 j - 3 scrolls of identify {unknown}
 o - a scroll of random uselessness {unknown}
 p - a scroll of amnesia {unknown}
 r - 2 scrolls of teleportation {unknown}
Potions
 h - a potion of brilliance
 i - a potion of heal wounds
Comestibles
 f - a ration


   Skills:
 + Level 3.4 Fighting
 * Level 4.6 Axes
 - Level 1.7 Throwing
 - Level 2.9 Dodging


You had 4 spell levels left.
You didn't know any spells.

Dungeon Overview and Level Annotations

Branches:
Dungeon (3/15)

Altars:
Kikubaaqudgha

Annotations:
D:3 Autsider's ghost, amateur TrAM


Innate Abilities, Weirdness & Mutations

You have sharp toenails.
You are partially covered in sharp spines.


Message History

MASSIVE DAMAGE!!
You hit Autsider's ghost but do no damage.
Autsider's ghost closely misses you.
Autsider's ghost hits you but does no damage.
Unknown command.
Autsider's ghost closely misses you.
You climb upwards.
There is a stone staircase leading down here.
Okay, then.
You start resting.
You are near starving!
You regained 11 hp, and now have 28/40 hp.
You start resting.
Health restored: 40 Unknown command.
You eat one of the 2 rations.
That ration really hit the spot!
It was a potion of curing.
You feel better.
Health restored: 41 Your health is already full.
It was a potion of brilliance.
You feel clever all of a sudden.
You climb downwards.
Level annotation: Autsider's ghost, amateur TrAM
There is a stone staircase leading up, spattered with blood here.
You hit Autsider's ghost. Autsider's ghost barely misses you.
You hit Autsider's ghost but do no damage.
You claw Autsider's ghost, but do no damage.
Autsider's ghost hits you!
Autsider's ghost screams, "I was like you once."
Autsider's ghost hits you.
You take 8 damage, and have 33/41 hp.
You hit Autsider's ghost.
You claw Autsider's ghost, but do no damage.
Autsider's ghost barely misses you.
Unknown command.
You hit Autsider's ghost but do no damage.
Autsider's ghost hits you!
You take 7 damage, and have 26/41 hp.
You hit Autsider's ghost but do no damage.
You claw Autsider's ghost, but do no damage.
Autsider's ghost is struck by your spines.
Autsider's ghost hits you!
You take 13 damage, and have 13/41 hp.
MASSIVE DAMAGE!!
Autsider's ghost barely misses you.
You climb upwards.
There is a stone staircase leading down here.
You start resting.
You feel a little less clever now.
You regained 4 hp, and now have 17/41 hp.
You start resting.
Health restored: 41 Unknown command.
Unknown command.
Done exploring.
There is a stone staircase leading down here.
You climb downwards.
Level annotation: Autsider's ghost, amateur TrAM Autsider's ghost misses you.
There is a stone staircase leading up, spattered with blood here.
You barely miss Autsider's ghost. Autsider's ghost completely misses you.
You hit Autsider's ghost. Autsider's ghost hits you! Autsider's ghost hits you.
You take 13 damage, and have 28/41 hp.
MASSIVE DAMAGE!!
You closely miss Autsider's ghost.
Autsider's ghost is struck by your spines.
Autsider's ghost barely misses you.
You barely miss Autsider's ghost. Your kick misses Autsider's ghost.
Autsider's ghost is struck by your spines.
Autsider's ghost closely misses you.
You slash Autsider's ghost! Your kick misses Autsider's ghost.
Autsider's ghost closely misses you.
You slash Autsider's ghost! Your kick misses Autsider's ghost.
Autsider's ghost closely misses you. Autsider's ghost hits you!
You take 9 damage, and have 19/41 hp.
MASSIVE DAMAGE!!
You hit Autsider's ghost. Your kick misses Autsider's ghost.
Autsider's ghost closely misses you.
You barely miss Autsider's ghost.
You claw Autsider's ghost, but do no damage.
Autsider's ghost hits you!
* * * LOW HITPOINT WARNING * * *
You take 9 damage, and have 10/41 hp.
MASSIVE DAMAGE!!
You hit Autsider's ghost but do no damage.
Autsider's ghost closely misses you.
You hit Autsider's ghost. Your kick misses Autsider's ghost.
Autsider's ghost hits you.
* * * LOW HITPOINT WARNING * * *
Autsider's ghost closely misses you.
You take 3 damage, and have 7/41 hp.
You hit Autsider's ghost. Autsider's ghost hits you.
* * * LOW HITPOINT WARNING * * *
You take 3 damage, and have 4/41 hp.
You barely miss Autsider's ghost.
You claw Autsider's ghost, but do no damage.
Autsider's ghost closely misses you.
You hit Autsider's ghost but do no damage.
Your kick misses Autsider's ghost. Autsider's ghost hits you!
You die...

### #@#
#W##########
#...........
#...........
#.##.#######
#.##........
#.##(.......
#.##..####.#
#.##..#


You could see Autsider's ghost.

Vanquished Creatures
  A necrophage (D:2)
  3 adders (D:2)
  2 worms (D:2)
  2 dart slugs (D:1)
  2 leopard geckos
  A giant cockroach (D:1)
  7 goblins
  3 hobgoblins
  6 jackals
  2 quokkas (D:2)
  3 bats
  3 frilled lizards
  10 kobolds
  6 rats (D:1)
51 creatures vanquished.

Vanquished Creatures (others)
  A hobgoblin (D:1)
1 creature vanquished.

Grand Total: 52 creatures vanquished

Notes
Turn   | Place    | Note
-------+----------+-------------------------------------------
     0 | D:1      | shakethe the Demonspawn Gladiator began the quest for the Orb.
     0 | D:1      | Reached XP level 1. HP: 16/16 MP: 1/1
   139 | D:1      | Reached skill level 3 in Axes
   139 | D:1      | Gained mutation: You have sharp toenails. [demonic ancestry]
   139 | D:1      | Reached XP level 2. HP: 16/22 MP: 2/2
   833 | D:1      | Reached XP level 3. HP: 24/28 MP: 3/3
  1300 | D:2      | Reached XP level 4. HP: 31/34 MP: 4/4
  1348 | D:2      | Reached skill level 4 in Axes
  1355 | D:2      | Found an ancient bone altar of Kikubaaqudgha.
  1355 | D:2      | Noticed a human
  1375 | D:2      | You fall through a shaft!
  1405 | D:2      | Noticed a necrophage
  1413 | D:2      | Killed a necrophage
  1413 | D:2      | Reached skill level 3 in Fighting
  1413 | D:2      | Gained mutation: You are partially covered in sharp spines. [demonic ancestry]
  1413 | D:2      | Reached XP level 5. HP: 34/40 MP: 5/5
  1716 | D:3      | Noticed Autsider's ghost (amateur TrAM)
  2314 | D:3      | HP: 10/41 [Autsider's ghost (10)]
  2317 | D:3      | HP: 4/41 [Autsider's ghost (3)]
  2319 | D:3      | Mangled by Autsider's ghost

Skill      XL: |  1  2  3  4 |
---------------+-------------+-----
Axes           | 3 4 |  4.6
Fighting       | 3 |  3.4
Throwing       | |  1.7
Dodging        | |  2.9

Action                   |  1- 3 |  4- 6 || total
-------------------------+-------+-------++-------
Melee: War axe           |   102 |    44 ||   146
       Kick              |    11 |    10 ||    21
Throw: Throwing net      |       |     1 ||     1
Evoke: Wand              |       |     4 ||     4
  Use: Potion            |     1 |     2 ||     3
 Stab: Sleeping          |     2 |       ||     2
  Eat: Chunk             |     1 |     1 ||     2
       Ration            |       |     1 ||     1
Armor: Leather armour    |    28 |     5 ||    33
Dodge: Dodged            |    83 |    30 ||   113

Vault maps used:
D:1:      dpeg_arrival_three_smaller_balls
D:2:      minmay_misc_feat_tower, tgw_kikubaaqudgha
D:3:      old_standard_altar

Table legend:
 A = Turns spent in this place as a percentage of turns spent in the entire game.
 B = Non-inter-level travel turns spent in this place as a percentage of non-inter-level travel turns spent in the entire game.
 C = Inter-level travel turns spent in this place as a percentage of turns spent in this place.
 D = Turns resting spent in this place as a percentage of non-inter-level travel turns spent in this place.
 E = Turns spent auto-exploring this place as a percentage of non-inter-level travel turns spent in this place.
 F = Non-inter-level travel turns spent in this place divided by the number of levels of this place that you've seen.
                   A       B       C       D       E      F
               +-------+-------+-------+-------+-------+----------------------
         Total | 100.0 | 100.0 |   2.7 |  34.7 |  48.3 | 752.0
       Dungeon | 100.0 | 100.0 |   2.7 |  34.7 |  48.3 | 752.0
               +-------+-------+-------+-------+-------+----------------------

Table legend:
 A = Kills in this place as a percentage of kills in entire the game.
 B = Kills by you in this place as a percentage of kills by you in the entire game.
 C = Kills by friends in this place as a percentage of kills by friends in the entire game.
 D = Other kills in this place as a percentage of other kills in the entire game.
 E = Experience gained in this place as a percentage of experience gained in the entire game.
 F = Experience gained in this place divided by the number of levels of this place that you have seen.
                   A       B       C       D       E      F
               +-------+-------+-------+-------+-------+----------------------
         Total | 100.0 | 100.0 |   N/A |   N/A | 100.0 |  84.3
       Dungeon | 100.0 | 100.0 |   N/A |   N/A | 100.0 |  84.3
               +-------+-------+-------+-------+-------+----------------------
